 Dungeon Crawl Stone Soup version 0.29.1-2-gbd0b4ee654 (webtiles) character file.

Game seed: 4149517147925471642

56 DildoBatman the Conjurer (level 4, 0/30 HPs)
             Began as a Formicid Conjurer on Nov 11, 2022.
             Slain by an orc
             ... wielding a +0 flail
              (2 damage)
             ... on level 4 of the Dungeon.
             The game lasted 00:03:18 (1136 turns).

DildoBatman the Conjurer (Formicid Conjurer)        Turns: 1136, Time: 00:03:19

Health: 0/30       AC:  3    Str: 12    XL:     4   Next: 17%
Magic:  5/7        EV: 12    Int: 17    God:
Gold:   35         SH:  0    Dex: 14    Spells: 4/7 levels left

rFire   . . .      SeeInvis +   b - +0 sling
rCold   . . .      Faith    .   (no shield)
rNeg    . . .      Spirit   .   o - +0 robe
rPois   .          Reflect  .   (helmet unavailable)
rElec   .          Harm     .   q - +0 cloak
rCorr   +          Rampage  .   (no gloves)
Will    .....                   (no boots)
Stlth   ++........              (no amulet)
HPRegen 0.10/turn               r - ring of resist corrosion
MPRegen 0.10/turn               (no ring)

@: no status effects
A: permanent stasis, dig shafts and tunnels, antennae 3, four strong arms
a: Dig, Shaft Self


You were on level 4 of the Dungeon.
You visited 1 branch of the dungeon, and saw 3 of its levels.

You collected 35 gold pieces.

Inventory:

Hand Weapons
 a - a +1 short sword of draining
 b - a +0 sling (weapon)
Missiles
 e - 9 stones
 l - 2 boomerangs
Armour
 o - a +0 robe (worn)
 q - a +0 cloak (worn)
Jewellery
 r - a ring of resist corrosion (left hand)
Scrolls
 c - 5 scrolls of identify {unknown}
 f - a scroll of magic mapping {unknown}
 g - a scroll of teleportation {unknown}
 i - a scroll of amnesia {unknown}
 m - a scroll of enchant weapon {unknown}
 n - a scroll of brand weapon {unknown}
 s - a scroll of fog {unknown}
Potions
 d - 2 potions of haste {unknown}
 h - a potion of cancellation {unknown}
 j - a potion of lignification {unknown}
 k - a potion of curing
 p - 2 potions of magic


   Skills:
 - Level 1.7 Dodging
 - Level 2.4 Stealth
 - Level 2.1 Spellcasting
 * Level 5.0 Conjurations


You had 4 spell levels left.
You knew the following spells:

 Your Spells              Type           Power      Damage    Failure   Level
a - Searing Ray           Conj           36%        2d5       3%          2
c - Magic Dart            Conj           72%        1d6       2%          1

Your spell library contained the following spells:

 Spells                   Type           Power      Damage    Failure   Level
 Dazzling Flash           Conj/Hex       20%        N/A       21%         3
 Fulminant Prism          Conj/Hex       5%         3d7       56%         4
 Iskenderun's Mystic Bla  Conj/Tloc      10%        2d4       56%         4


Dungeon Overview and Level Annotations

Branches:
Dungeon (2/15)

Altars:


Innate Abilities, Weirdness & Mutations

You cannot be hasted, slowed, berserked, paralysed or teleported.
You can dig through walls and to a lower floor.
You have a pair of large antennae on your head. (SInv)
Your four strong arms can wield two-handed weapons with a shield.


Message History

You shout for attention!
You hear a shout!
The orc hits you with a +0 mace. The orc misses you.
The quokka barely misses you. The goblin completely misses you.
An orc comes into view. It is wielding a +0 flail.
What are your orders? t - Shout!
Orders for allies: a - Attack new target. r - Retreat! s - Stop attacking. g - Guard the area. f - Follow me.
Anything else - Cancel.
You shout for attention!
The quokka barely misses you. The orc closely misses you.
The goblin hits you but does no damage. The orc hits you but does no damage.
What are your orders? t - Shout!
Orders for allies: a - Attack new target. r - Retreat! s - Stop attacking. g - Guard the area. f - Follow me.
Anything else - Cancel.
You shout for attention!
The quokka misses you. The orc closely misses you.
An orc comes into view. It is wielding a +0 club.
The goblin closely misses you. The orc hits you with a +0 mace!
What are your orders? t - Shout!
Orders for allies: a - Attack new target. r - Retreat! s - Stop attacking. g - Guard the area. f - Follow me.
Anything else - Cancel.
You shout for attention!
The quokka misses you. The orc hits you with a +0 flail.
You die...

.....#
....#
....#
....#
#...#
#...#
#gr.#
#@..#
#oo.#
#...#
###.##
.oo.
##.##
.. #.


You could see 4 orcs, a quokka and a goblin.

Vanquished Creatures
  A gnoll (D:1)
  An adder (D:2)
  A worm (D:2)
  2 endoplasms
  2 goblins (D:1)
  6 hobgoblins
  2 jackals (D:2)
  3 kobolds (D:1)
  A quokka (D:1)
  2 ball pythons (D:1)
  4 bats
  5 frilled lizards (D:1)
  6 rats
36 creatures vanquished.

Notes
Turn   | Place    | Note
-------+----------+-------------------------------------------
     0 | D:1      | DildoBatman the Formicid Conjurer began the quest for the
                  | Orb.
     0 | D:1      | Reached XP level 1. HP: 13/13 MP: 3/3
   279 | D:1      | Reached XP level 2. HP: 16/19 MP: 1/5
   282 | D:1      | Learned a level 2 spell: Searing Ray
   313 | D:1      | Reached skill level 4 in Conjurations
   346 | D:1      | Reached XP level 3. HP: 24/24 MP: 0/6
  1101 | D:2      | Reached skill level 5 in Conjurations
  1101 | D:2      | Reached XP level 4. HP: 29/30 MP: 2/7
  1103 | D:2      | You fall into a shaft and drop 2 floors!
  1135 | D:4      | HP: 1/30 [orc/+0 mace (8)]
  1136 | D:4      | Slain by an orc

Illustrated notes

Levels and vault maps discovered:
D:1:      kennysheep_arrival_forest, layout_loops_ring, minmay_split_cup_small
D:2:      layout_loops_corners, basic_altar, chequers_ecumenical_altar_island
D:4:      layout_gridville, nicolae_gozag_cash_rules_everything_around_me,
          dk_yredelemnul_ordeal, nicolae_elyvilon_temple_path,
          gammafunk_ghost_stat_death, st_stairs_11,
          nicolae_concentric_dashed_squares_wild, guppyfry_early_orc_mine

Skill      XL: |  1  2  3 |
---------------+----------+-----
Conjurations   | 4 5 |  5.0
Dodging        | |  1.7
Stealth        | |  2.4
Spellcasting   | |  2.1

Action                   |  1- 3 |  4- 6 || total
-------------------------+-------+-------++-------
Melee: Unarmed           |    11 |       ||    11
       Trident           |    13 |       ||    13
       Short sword       |     3 |       ||     3
 Fire: Sling             |    25 |       ||    25
 Cast: Magic Dart        |    25 |       ||    25
       Searing Ray       |     5 |       ||     5
 Abil: Shaft Self        |       |     1 ||     1
 Stab: Sleeping          |     1 |       ||     1
Armor: Robe              |     4 |     5 ||     9
Dodge: Dodged            |    18 |    21 ||    39
